Map: 国王藏宝地-天梯版

Players

PSiArc

  • Race: Terran Terran
  • League: Platinum

Ryu - Winner!

  • Race: Zerg Zerg

Event: WESG 2018 Grand Finals

VOD

Have the link to the VOD?

Description

Time

  • Played on: March 12, 2019, 2:41 a.m.
  • Length: 19:04

All games in this series

Show
View Real Time Build Order
Export as new Build Order

PSiArc Terran 

Build Orders: 2 Factory, Hellion Opening, Reaper Expand, Mech 

Get SALT Encoding   

  12  0:00  SCV  
  13  0:12  SCV  
  14  0:18  Supply Depot  
  14  0:25  SCV  
  15  0:39  SCV  
  15  0:41  Barracks  
  16  0:45  Refinery  
  16  0:51  SCV  
  17  1:03  SCV  
  18  1:16  SCV  
  19  1:28  Orbital Command  
  19  1:29  Reaper  
  20  1:42  Command Center  
  20  1:53  SCV  
  21  1:54  Supply Depot  
  21  2:01  Marine  
  21  2:07  Factory  
  22  2:10  SCV  
  22  2:14  Refinery  
  23  2:22  SCV  
  25  2:24  Barracks Reactor  
  24  2:34  SCV  
  25  2:46  SCV  
  26  2:54  Orbital Command, Factory  
  27  2:58  SCV  
  27  3:04  Hellion x2  
  31  3:10  SCV  
  31  3:11  Marine  
  33  3:22  SCV  
  33  3:25  SCV  
  33  3:26  Hellion x2  
  38  3:33  Starport  
  38  3:34  SCV  
  38  3:37  SCV  
  40  3:41  Factory Tech Lab  
  40  3:44  Supply Depot  
  40  3:46  SCV  
  41  3:49  SCV  
  41  3:50  Hellion x2  
  46  4:03  Supply Depot  
  46  4:06  SCV x2  
  46  4:07  Siege Tank  
  51  4:12  Viking  
  53  4:18  SCV, Supply Depot  
  54  4:25  Hellion x2, SCV  
  54  4:30  SCV  
  60  4:36  Supply Depot  
  60  4:42  SCV  
  61  4:49  Hellion x2, Siege Tank  
  62  4:56  SCV x2  
  62  4:58  Armory  
  62  4:59  Medivac  
  60  5:07  Refinery  
  60  5:08  SCV  
  60  5:11  Command Center  
  60  5:12  Hellion  
  60  5:13  SCV  
  64  5:20  SCV  
  64  5:21  Bunker  
  67  5:28  Hellion  
  67  5:29  Siege Tank  
  67  5:31  SCV  
  71  5:38  SCV  
  71  5:42  Hellion  
  74  5:43  Starport Reactor, SCV  
  74  5:47  Factory  
  75  5:51  Hellion  
  75  5:52  SCV  
  75  5:56  Terran Vehicle Weapons Level 1  
  78  5:57  Supply Depot  
  78  6:01  Engineering Bay  
  78  6:02  Refinery  
  78  6:04  Supply Depot  
  78  6:16  Supply Depot  
  78  6:19  Hellion x2, SCV x2  
  78  6:20  Supply Depot  
  78  6:21  Supply Depot  
  84  6:31  SCV x2  
  84  6:41  Hellion x2  
  84  6:42  Siege Tank  
  84  6:43  Factory Tech Lab, SCV  
  86  6:48  Orbital Command, SCV  
  87  6:59  Viking x2  
  87  7:00  SCV  
  92  7:02  Hellion x2, Thor  
  102  7:12  Orbital Command  
  102  7:19  Thor  
  102  7:21  SCV x2  
  110  7:31  Hellion x2  
  110  7:33  SCV x2  
  116  7:38  Refinery x2  
  116  7:41  Supply Depot  
  114  7:44  Hellion x4  
  114  7:45  SCV  
  114  7:49  SCV  
  114  7:50  Siege Tank  
  114  7:51  SCV  
  118  7:52  Hellbat  
  118  7:55  Factory x2  
  113  8:08  SCV x3  
  113  8:11  Hellion  
  113  8:12  Thor  
  110  8:18  Hellion  
  112  8:20  SCV x3  
  112  8:22  Supply Depot  
  112  8:26  Command Center  
  115  8:32  SCV x2, Liberator x2  
  117  8:36  SCV  
  120  8:41  Hellbat x2, Factory Tech Lab, Factory Reactor  
  120  8:44  SCV  
  120  8:48  Siege Tank  
  126  8:52  Orbital Command, Supply Depot x2  
  132  8:57  Supply Depot  
  132  8:58  Terran Vehicle And Ship Armor Level 1  
  132  8:59  Supply Depot  
  132  9:02  Armory  
  130  9:09  SCV  
  131  9:18  SCV  
  131  9:19  SCV  
  133  9:28  SCV  
  133  9:29  Hellbat x2  
  133  9:30  Hellbat x2, Siege Tank, Thor  
  151  9:32  Medivac x2  
  151  9:35  Supply Depot  
  151  9:58  Hellbat x2, Siege Tank  
  151  9:59  Hellbat  
  160  10:09  Supply Depot  
  160  10:12  Terran Vehicle Weapons Level 2  
  160  10:18  Command Center x2  
  160  10:23  Hellbat x2, Siege Tank x2  
  160  10:27  Liberator x2  
  150  10:38  Hellbat x2, Siege Tank  
  154  10:45  Hellion  
  162  10:52  Hellion  
  162  10:53  Terran Vehicle And Ship Armor Level 2  
  162  10:55  Siege Tank  
  162  11:20  Missile Turret  
  162  11:21  Hellbat  
  162  11:22  Hellbat x2, Siege Tank  
  168  11:27  Planetary Fortress  
  168  11:32  Refinery  
  168  11:34  Hellbat, Siege Tank  
  168  11:39  Thor  
  176  11:45  Refinery  
  166  12:01  Missile Turret x2  
  166  12:07  Command Center  
  166  12:28  Hellbat x3, Hellion, Siege Tank x2  
  168  12:33  Siege Tank  
  168  12:49  Hellbat, Hellion  
  162  13:00  Siege Tank  
  165  13:08  Command Center  
  157  13:12  Hellbat  
  152  13:25  Siege Tank  
  152  13:26  Siege Tank  
  158  13:40  Thor  
  146  13:59  Hellbat x2, Orbital Command, Siege Tank  
  133  14:22  Orbital Command  
  128  14:40  Siege Tank x2  
  128  14:41  Orbital Command, Thor  
  128  14:42  Hellbat x2  
  144  15:01  Hellbat  
  144  15:02  Hellbat  
  144  15:03  Hellbat  
  150  15:07  Viking x2  
  150  15:45  Thor x2  
  150  15:46  Viking x2  
  150  15:47  Thor  
  150  15:48  Hellion x3  
  150  15:49  SCV x3  
  164  16:09  Hellion  
  166  16:11  Terran Vehicle And Ship Armor Level 3  
  166  16:28  Thor  
  172  16:34  Starport Tech Lab  
  172  16:39  Orbital Command  
  172  16:42  SCV x3  
  172  16:43  SCV  
  172  16:46  SCV  
  177  16:49  SCV  
  178  17:08  Planetary Fortress  
  178  17:12  Hellbat x2, Raven  
  184  17:21  Thor  
  190  17:23  Refinery  
  190  17:26  Starport  
  190  17:27  Refinery  
  169  17:52  Thor  
  169  17:53  Thor  
  132  18:04  Thor  
  120  18:10  Hellbat x2  
  121  18:19  Hellbat  
  117  18:29  Orbital Command  
Show
View Real Time Build Order
Export as new Build Order

Ryu Zerg - Winner!

Build Orders: Hatch First, Swarm Host 

Get SALT Encoding   

  12  0:01  Drone  
  13  0:12  Overlord  
  13  0:17  Drone  
  14  0:31  Drone x2  
  14  0:35  Drone  
  17  0:52  Hatchery  
  17  0:55  Drone  
  17  0:58  Extractor  
  17  1:00  Drone  
  17  1:15  Spawning Pool  
  17  1:18  Drone  
  17  1:21  Drone  
  18  1:29  Drone  
  19  1:39  Overlord  
  19  2:02  Queen, Zergling x4  
  19  2:04  Queen  
  19  2:07  Metabolic Boost  
  25  2:11  Drone  
  25  2:14  Drone  
  27  2:17  Drone  
  27  2:22  Drone  
  29  2:38  Spore Crawler, Drone x2  
  29  2:39  Queen  
  29  2:43  Queen  
  35  2:49  Overlord  
  35  2:50  Drone  
  36  2:58  Overlord  
  36  3:10  Drone  
  37  3:14  Hatchery  
  37  3:15  Drone x2  
  37  3:18  Drone  
  39  3:25  Overlord, Drone  
  40  3:28  Drone  
  40  3:30  Drone  
  42  3:36  Zergling x2  
  42  3:38  Drone x2  
  45  3:43  Roach Warren  
  45  3:45  Zergling x2  
  45  3:48  Drone  
  46  3:51  Queen  
  46  3:54  Drone  
  49  3:58  Queen  
  49  4:02  Overlord  
  50  4:07  Drone x3  
  53  4:19  Overlord  
  53  4:22  Drone x2  
  53  4:24  Roach x2  
  59  4:25  Extractor  
  59  4:27  Lair  
  59  4:28  Roach  
  60  4:32  Drone x3  
  60  4:35  Extractor  
  61  4:41  Zergling x6  
  61  4:48  Drone x2  
  61  4:52  Drone x2  
  58  4:53  Drone  
  58  4:54  Drone  
  61  5:01  Drone x4  
  65  5:07  Drone x2  
  65  5:08  Evolution Chamber  
  65  5:12  Drone x2  
  65  5:13  Drone x2  
  70  5:18  Overlord  
  70  5:20  Overlord  
  70  5:31  Zergling x4  
  70  5:33  Drone  
  73  5:37  Extractor, Zerg Missile Weapons Level 1, Glial Reconstitution  
  73  5:38  Extractor  
  71  5:43  Overseer  
  71  5:50  Extractor  
  71  5:51  Drone x5  
  71  5:52  Drone x3  
  71  5:55  Extractor  
  77  5:57  Hatchery  
  77  5:58  Drone x3  
  77  6:00  Overlord  
  77  6:02  Drone x2  
  81  6:11  Overlord  
  81  6:12  Infestation Pit  
  81  6:16  Overlord  
  81  6:17  Overlord  
  81  6:18  Drone  
  81  6:19  Roach, Drone x2  
  81  6:21  Roach  
  86  6:31  Roach x2  
  86  6:39  Drone x2  
  85  6:40  Drone x2  
  85  6:43  Drone x4  
  85  6:44  Overlord, Drone  
  86  6:50  Spore Crawler  
  86  6:51  Drone x2  
  87  6:59  Drone x4  
  87  7:00  Overlord  
  91  7:05  Swarm Host x3  
  100  7:13  Roach x2  
  100  7:15  Swarm Host x2  
  109  7:18  Ravager x2  
  109  7:21  Roach  
  113  7:28  Drone x3  
  117  7:30  Ravager  
  117  7:31  Roach x2  
  121  7:41  Roach x4  
  127  7:52  Overlord x3  
  127  7:53  Overlord  
  127  7:54  Ravager  
  128  8:01  Overlord x2  
  128  8:02  Overlord x2  
  128  8:13  Zerg Missile Weapons Level 2  
  128  8:17  Nydus Network  
  128  8:19  Drone x5  
  133  8:20  Drone x2, Swarm Host x3  
  143  8:34  Drone x4  
  143  8:37  Drone x2, Extractor  
  143  8:38  Drone, Extractor  
  143  8:39  Drone x3  
  149  8:41  Swarm Host x4  
  161  8:49  Roach x4  
  161  8:55  Nydus Canal  
  169  9:02  Spore Crawler  
  168  9:09  Roach x3  
  174  9:12  Nydus Canal  
  174  9:13  Hatchery  
  174  9:14  Swarm Host x3  
  182  9:17  Ravager  
  182  9:20  Spore Crawler  
  182  9:23  Overlord x2  
  182  9:27  Extractor  
  179  9:31  Extractor  
  178  9:42  Drone x5  
  178  9:43  Drone  
  178  9:44  Ravager x4  
  188  9:46  Swarm Host  
  188  9:51  Nydus Canal  
  191  9:55  Spire  
  191  9:57  Roach x3  
  191  9:58  Spine Crawler  
  195  10:22  Burrow  
  195  10:23  Tunneling Claws  
  193  10:33  Roach  
  193  10:34  Roach x3  
  191  10:37  Drone  
  191  10:38  Drone x3  
  191  10:39  Spore Crawler, Drone x2  
  191  10:41  Roach x2  
  198  10:49  Ravager x2  
  200  10:57  Nydus Canal  
  200  11:02  Zerg Ground Armor Level 1  
  200  11:03  Evolution Chamber  
  199  11:05  Pneumatized Carapace  
  199  11:06  Overseer x3  
  199  11:11  Zerg Flyer Weapons Level 1  
  197  11:34  Hive  
  195  11:41  Spine Crawler x2  
  195  11:44  Hatchery, Extractor  
  195  11:46  Roach x4  
  199  11:47  Extractor  
  195  12:00  Drone x3  
  198  12:01  Spire  
  198  12:05  Drone x3  
  194  12:29  Roach x5  
  194  12:30  Roach x3  
  188  12:38  Roach x5  
  188  12:40  Swarm Host  
  188  12:43  Roach x2  
  198  12:52  Zerg Missile Weapons Level 3  
  200  12:58  Ravager x2  
  200  13:07  Spore Crawler  
  200  13:08  Spore Crawler  
  194  13:14  Overlord  
  194  13:15  Zerg Flyer Armor Level 1, Zerg Flyer Weapons Level 2  
  194  13:17  Ravager x2  
  196  13:22  Roach  
  196  13:23  Roach  
  196  13:29  Overlord x2  
  196  13:33  Ravager  
  196  13:34  Ravager x3  
  200  13:39  Roach  
  200  13:40  Roach  
  185  13:50  Roach x4, Nydus Canal  
  185  13:55  Drone  
  180  14:00  Roach x4  
  183  14:10  Drone x3  
  183  14:13  Zerg Ground Armor Level 2  
  186  14:21  Ravager x2  
  186  14:22  Ravager x4  
  186  14:23  Roach x4  
  200  14:28  Extractor  
  187  14:32  Hatchery  
  187  14:34  Extractor  
  187  14:36  Viper x2  
  187  14:47  Corruptor  
  187  14:48  Corruptor x4  
  197  14:57  Roach  
  195  15:09  Nydus Canal  
  195  15:18  Greater Spire  
  195  15:19  Roach x3  
  195  15:25  Nydus Canal  
  187  15:42  Nydus Canal  
  175  15:55  Corruptor x2  
  176  16:06  Corruptor x2  
  176  16:10  Zerg Flyer Weapons Level 3  
  165  16:11  Zerg Melee Weapons Level 1  
  165  16:18  Corruptor  
  165  16:24  Overseer, Pathogen Glands  
  167  16:26  Corruptor x2  
  167  16:31  Brood Lord  
  167  16:32  Brood Lord x5  
  181  16:33  Zerg Flyer Armor Level 2  
  181  16:35  Corruptor x7  
  181  16:38  Brood Lord  
  195  16:42  Brood Lord  
  195  16:45  Brood Lord  
  199  16:54  Spore Crawler x2  
  197  16:55  Spore Crawler x2  
  197  16:56  Spore Crawler x2  
  197  16:57  Spore Crawler  
  197  16:58  Spore Crawler x2, Brood Lord x3  
  197  16:59  Spore Crawler x3, Corruptor x3  
  197  17:00  Spore Crawler  
  197  17:01  Spore Crawler, Corruptor  
  213  17:20  Neural Parasite  
  205  17:56  Corruptor x5  
  191  18:00  Corruptor x3  
  191  18:01  Corruptor  
  191  18:05  Corruptor x3  
  187  18:06  Corruptor  
  187  18:16  Swarm Host x2  
  176  18:27  Viper x2  
  176  18:31  Brood Lord x10  
  200  18:37  Spine Crawler x3  
  199  18:54  Spore Crawler x2  
  199  18:55  Spore Crawler x2  
  195  18:56  Spore Crawler x3  
  195  18:57  Spore Crawler x2  
  195  18:58  Spore Crawler x3  
Tags
 
Add a new tag
Caveats
  • Supply blocks, unpowered buildings, or Contaminate may cause inaccurate times.
  • Supply counts are checked every 10 seconds.